 Dungeon Crawl Stone Soup version 0.28.0 (webtiles) character file.

Game seed: 14422037688377075132

105 mkm the Firebug (level 4, 0/24 HPs)
             Began as a Gargoyle Fire Elementalist on Feb 10, 2022.
             Slain by an orc (6 damage)
             ... on level 2 of the Dungeon.
             The game lasted 00:08:19 (2266 turns).

mkm the Firebug (Gargoyle Fire Elementalist)        Turns: 2266, Time: 00:08:19

Health: 0/24       AC:  5    Str: 11    XL:     4   Next: 81%
Magic:  2/9        EV: 11    Int: 18    God:
Gold:   113        SH:  0    Dex: 10    Spells: 6/9 levels left

rFire   . . .      SeeInvis .   f - +1 whip (drain)
rCold   . . .      Faith    .   (no shield)
rNeg    + . .      Spirit   .   a - +0 robe
rPois   ∞          Reflect  .   (no helmet)
rElec   +          Harm     .   (no cloak)
rCorr   .          Rampage  .   (no gloves)
Will    .....                   (no boots)
Stlth   ++........              (no amulet)
HPRegen 0.08/turn               (no ring)
MPRegen 0.11/turn               (no ring)

@: very slightly contaminated
A: sickness immunity, AC +3, negative energy resistance 1, electricity
resistance, torment resistance 1, petrification resistance
a: no special abilities


You were on level 2 of the Dungeon.
You visited 1 branch of the dungeon, and saw 3 of its levels.

You collected 113 gold pieces.

Inventory:

Hand Weapons
 b - a +1 short sword of freezing
 f - a +1 whip of draining (weapon)
Armour
 a - a +0 robe (worn)
Scrolls
 e - a scroll of amnesia {unknown}
 g - 2 scrolls of identify {unknown}
 h - a scroll of immolation {unknown}
 i - a scroll of noise {unknown}
Potions
 c - a potion of brilliance {unknown}
 d - a potion of heal wounds {unknown}


   Skills:
 - Level 1.5 Dodging
 - Level 2.1 Stealth
 + Level 3.4 Spellcasting
 - Level 1.1 Conjurations
 + Level 4.3 Fire Magic


You had 6 spell levels left.
You knew the following spells:

 Your Spells              Type           Power      Damage    Failure   Level
a - Foxfire               Conj/Fire      48%        2x1d6     4%          1
b - Scorch                Fire           36%        2d7       4%          2

Your spell library contained the following spells:

 Spells                   Type           Power      Damage    Failure   Level
 Conjure Flame            Conj/Fire      12%        6-21      16%         3
 Inner Flame              Hex/Fire       10%        N/A       19%         3
 Ignite Poison            Fire/Tmut/Pois 8%         N/A       26%         3
 Flame Wave               Conj/Fire      12%        2d6       45%         4
 Sticky Flame             Conj/Fire      12%        2d4       45%         4


Dungeon Overview and Level Annotations

Branches:
Dungeon (3/15)

Altars:


Innate Abilities, Weirdness & Mutations

You are immune to sickness and miasma.
Your stone body is resilient. (AC +3)
You are immune to poison.
You resist negative energy. (rN+)
You are resistant to electric shocks. (rElec)
You are resistant to unholy torment.
You are immune to petrification.


Message History

An orc comes into view. It is wielding a +0 trident.
You conjure some foxfire!
An orc comes into view. It is wielding a +0 whip.
You miscast Foxfire.
Nothing appears to happen.
The foxfire hits the endoplasm.
The endoplasm is heavily wounded.
The foxfire hits the orc but does no damage.
The orc hits you from afar with a +0 trident.
The endoplasm closely misses you.
You conjure some foxfire!
The endoplasm hits you. The orc hits you but does no damage.
An orc comes into view. It is wielding a +0 short sword.
The foxfire hits the orc.
The orc is lightly wounded.
You conjure some foxfire!
The foxfire hits the orc.
The orc is moderately wounded.
The orc hits you from afar with a +0 trident.
The endoplasm freezes you.
You are frozen.
The foxfire hits the endoplasm but does no damage.
The endoplasm is heavily wounded.
The endoplasm hits you but does no damage.
The orc hits you from afar with a +0 trident.
You climb upwards.
There is a stone staircase leading down here.
You are too injured to fight recklessly!
The endoplasm hits you but does no damage.
Casting: Foxfire (safe; 5% risk of failure)
Confirm with . or Enter, or press ? or * to list all spells.
You conjure some foxfire!
The endoplasm freezes you.
You are frozen.
The orc hits you with a +0 whip.
* * * LOW HITPOINT WARNING * * *
Your foxfire dissipates!
The foxfire hits the endoplasm.
You kill the endoplasm!
The orc misses you.
Casting: Foxfire (safe; 4% risk of failure)
Confirm with . or Enter, or press ? or * to list all spells.
You conjure some foxfire!
The orc hits you with a +0 whip.
You die...

.....#.###### ##.#
######.....<# #..#
...........## #.##
.......##### ##.######
.....### #.......#
###############.......#
......................#
##############.v......#
.####...........@o>>..#
................§v....#
###...................#
#...................#
#.........>....######
#..............#
#..............#
##..(.........##
##..........##


You could see an orc (ally target).

Vanquished Creatures
  A gnoll (D:1)
  4 adders (D:2)
  A worm (D:2)
  2 dart slugs
  An orc (D:3)
  7 endoplasms
  3 giant cockroaches
  8 goblins
  3 hobgoblins
  3 quokkas
  4 ball pythons
  4 frilled lizards (D:1)
  5 kobolds
  4 rats
50 creatures vanquished.

Vanquished Creatures (others)
  147 foxfires
147 creatures vanquished.

Grand Total: 197 creatures vanquished

Notes
Turn   | Place    | Note
-------+----------+-------------------------------------------
     0 | D:1      | mkm the Gargoyle Fire Elementalist began the quest for the
                  | Orb.
     0 | D:1      | Reached XP level 1. HP: 10/10 MP: 3/3
   194 | D:1      | Reached XP level 2. HP: 15/15 MP: 3/5
   219 | D:1      | Found a faded altar of an unknown god.
   429 | D:1      | Reached XP level 3. HP: 19/19 MP: 2/6
  1257 | D:2      | Learned a level 2 spell: Scorch
  1316 | D:2      | Identified the +0 short sword "Ebrykk" {venom, Str+4}
  1352 | D:2      | Reached skill level 4 in Fire Magic
  1352 | D:2      | Reached XP level 4. HP: 24/24 MP: 4/8
  2266 | D:2      | Slain by an orc

Illustrated notes

Levels and vault maps discovered:
D:1:      matt_arrival_los_fun, layout_rooms, chequers_ecumenical_altar_island
D:2:      minmay_recursive_quarters, layout_rooms, dk_noncrumbling_4,
          grunt_ministairs_10
D:3:      layout_basic, uniq_crazy_yiuf_cottage, uniq_sigmund, uniq_natasha,
          uniq_jessica

Skill      XL: |  1  2  3 |
---------------+----------+-----
Spellcasting   | 3 |  3.4
Fire Magic     | 4 |  4.3
Dodging        | |  1.5
Stealth        | |  2.1
Conjurations   | |  1.1

Action                   |  1- 3 |  4- 6 || total
-------------------------+-------+-------++-------
Melee: Short sword       |     5 |       ||     5
       Whip              |       |    11 ||    11
 Cast: Foxfire           |    48 |    39 ||    87
       Scorch            |       |     4 ||     4
Armor: Robe              |     6 |     7 ||    13
Dodge: Dodged            |     5 |     9 ||    14
